 Dungeon Crawl Stone Soup version 0.29-a0-321-gf1c400731a (webtiles) character file.

Game seed: 16945470256988347126

88 Murumi the Sneak (level 4, 0/28 HPs)
             Began as a Vampire Monk on Apr 5, 2022.
             Killed by divine providence
             ... invoked by an orc priest
              (13 damage)
             ... on level 3 of the Dungeon.
             The game lasted 00:05:54 (2376 turns).

Murumi the Sneak (Vampire Monk)                     Turns: 2376, Time: 00:05:55

Health: 0/28       AC:  7    Str: 10    XL:     4   Next: 29%
Magic:  4/4        EV: 12    Int: 12    God:
Gold:   94         SH:  0    Dex: 18    Spells: 3/3 levels left

rFire   . . .      SeeInvis +   a - +1 falchion
rCold   + + .      Faith    .   (no shield)
rNeg    + + +      Spirit   .   i - +0 ring mail
rPois   ∞          Reflect  .   (no helmet)
rElec   .          Harm     .   e - +1 cloak
rCorr   .          Rampage  .   (no gloves)
Will    .....                   (no boots)
Stlth   +++++.....              (no amulet)
HPRegen 0.00/turn               (no ring)
MPRegen 0.09/turn               (no ring)

@: bloodless, inhibited regen
A: bloodless, fangs 3, see invisible, vampiric 2
a: Bat Form, Revivify


You were on level 3 of the Dungeon.
You visited 1 branch of the dungeon, and saw 3 of its levels.

You collected 94 gold pieces.

Inventory:

Hand Weapons
 a - a +1 falchion (weapon)
Armour
 e - a +1 cloak (worn)
 i - a +0 ring mail (worn)
Scrolls
 j - a scroll of magic mapping
Potions
 b - 2 potions of degeneration {unknown}
 c - a potion of ambrosia
 d - a potion of might {unknown}
 f - a potion of lignification {unknown}
 g - a potion of mutation {unknown}
 h - a potion of curing {unknown}


   Skills:
 - Level 3.0 Fighting
 - Level 3.0 Long Blades
 - Level 1.0 Armour
 - Level 4.0 Dodging
 + Level 5.6 Stealth


You had 3 spell levels left.
You didn't know any spells.
Your spell library contained the following spells:

 Spells                   Type           Power      Damage    Failure   Level
 Animate Skeleton         Necr           0%         N/A       63%         1
 Apportation              Tloc           0%         N/A       63%         1
 Shock                    Conj/Air       0%         1d3       63%         1
 Summon Small Mammal      Summ           0%         N/A       63%         1
 Swiftness                Air            0%         N/A       94%         3
 Airstrike                Air            0%         N/A       100%        4


Dungeon Overview and Level Annotations

Branches:
Dungeon (3/15)

Altars:


Innate Abilities, Weirdness & Mutations

You do not regenerate when monsters are visible.
You are frail without blood (-20% HP).
You can heal yourself when you bite living creatures.
You are immune to poison.
You have razor-sharp teeth.
You have supernaturally acute eyesight. (SInv)
You are afflicted with vampirism and can become a bat while bloodless.


Message History

You slash the worm!
You kill the worm!
You see here a worm corpse.
An orc priest and a ball python come into view.
The orc priest shouts!
You hear a shout!
The ball python hisses angrily.
You hear a shout!
An orc comes into view. It is wielding a +0 dagger.
The orc priest invokes the aid of Beogh against you.
Beogh smites you!
You slash the ball python!
You kill the ball python!
A bat comes into view.
The bat moves out of view.
An orc comes into view. It is wielding a +0 falchion.
The orc priest looks satisfied for a moment.
The orc shouts!
You hit the orc priest. Your bite misses the orc priest.
The orc priest is lightly wounded.
The orc priest closely misses you.
You hit the orc priest.
The orc priest is moderately wounded.
The orc priest hits you with a +0 club.
You barely miss the orc priest.
The orc priest is moderately wounded.
The orc priest hits you with a +0 club.
You hit the orc priest.
The orc priest is heavily wounded.
The orc priest begins to cast a cantrip, but forgets the words!
The orc priest hits you with a +0 club.
You closely miss the orc priest.
The orc priest is heavily wounded.
The orc priest closely misses you.
You hit the orc priest.
The orc priest is heavily wounded.
The orc priest barely misses you.
You hit the orc priest.
The orc priest is severely wounded.
The orc priest calls down the wrath of Beogh upon you.
Beogh smites you!
You die...

##### #...## #....#
#######
#....##########.....##
####.#............#.....
#......†###########.....
#.##.##.# #.....
#.##.##.# #.....
#....##@# #.....
#..####o# #####. #...o.


bo. #. #.#......... ##. #.##......... #.. # ###........ #.# #......##. #.#
.....#.# .# #.# #.... #.# You could see an orc priest, an orc and a bat.

Vanquished Creatures
  An adder (D:2)
  2 worms
  4 dart slugs
  6 bats
  4 endoplasms
  5 giant cockroaches
  7 goblins
  6 hobgoblins
  2 jackals (D:1)
  3 kobolds
  8 ball pythons
  7 frilled lizards
  3 rats
58 creatures vanquished.

Notes
Turn   | Place    | Note
-------+----------+-------------------------------------------
     0 | D:1      | Murumi the Vampire Monk began the quest for the Orb.
     0 | D:1      | Reached XP level 1. HP: 17/17 MP: 1/1
   141 | D:1      | Reached XP level 2. HP: 18/19 MP: 2/2
   363 | D:1      | Found a faded altar of an unknown god.
   469 | D:1      | Reached skill level 1 in Armour
   551 | D:1      | Gained mutation: You are afflicted with vampirism and can
                  | become a bat while bloodless. [Vampire growth]
   551 | D:1      | Reached XP level 3. HP: 23/23 MP: 3/3
   953 | D:2      | Reached skill level 4 in Stealth
  1417 | D:2      | Reached skill level 5 in Stealth
  1417 | D:2      | Reached XP level 4. HP: 22/28 MP: 4/4
  2376 | D:3      | Killed from afar by an orc priest

Illustrated notes

Levels and vault maps discovered:
D:1:      nicolae_arrival_memento_mori, layout_rooms,
          shapermc_ecumenical_altar_acropolis, minmay_misc_feat_roman
D:2:      layout_loops_ring
D:3:      layout_loops_cross

Skill      XL: |  1  2  3 |
---------------+----------+-----
Fighting       | 3 |  3.0
Dodging        | 4 |  4.0
Armour         | 1 |  1.0
Stealth        | 5 |  5.6
Long Blades    | |  3.0

Action                   |  1- 3 |  4- 6 || total
-------------------------+-------+-------++-------
Melee: Falchion          |    93 |    28 ||   121
       Bite              |     7 |     1 ||     8
       Punch             |     2 |       ||     2
 Abil: Exsanguinate      |     1 |       ||     1
  Use: Scroll            |     5 |     1 ||     6
 Stab: Sleeping          |    15 |     9 ||    24
       Distracted        |     2 |       ||     2
Armor: Robe              |    15 |     1 ||    16
       Ring mail         |       |     2 ||     2
Dodge: Dodged            |    48 |    10 ||    58

Table legend: (Time is in decaauts)
 A = Elapsed time spent in this place.
 B = Non-inter-level travel time spent in this place.
 C = Inter-level travel time spent in this place.
 D = Time resting spent in this place.
 E = Time spent auto-exploring this place.
 F = Levels seen in this place.
 G = Mean time per level.
                   A        B        C        D        E       F      G
               +--------+--------+--------+--------+--------+-----+--------+
         Total |   2399 |   2249 |    150 |      0 |   1826 |   3 |  799.7 |
       Dungeon |   2399 |   2249 |    150 |      0 |   1826 |   3 |  799.7 |
               +--------+--------+--------+--------+--------+-----+--------+

Top non-repeatable levels by time:
     D:2: 1008 daAuts
     D:1: 941 daAuts
     D:3: 449 daAuts
